 Dungeon Crawl Stone Soup version 0.29.0-11-gd7f09526c8 (webtiles) character file.

Game seed: 10207070514561750130

1263 greasedhog the Basher (level 9, 0/109 (112) HPs)
             Began as a Meteoran Berserker on Sept 6, 2022.
             Was a Priest of Trog.
             Slain by a wight
             ... wielding a +4 dagger of freezing
              (6 damage)
             ... on level 6 of the Dungeon.
             The game lasted 00:06:09 (2144 turns).

greasedhog the Basher (Meteoran Berserker)          Turns: 2144, Time: 00:06:10

HP:   0/109 (112)   AC: 24    Str: 23    XL:     9   Next: 8%
MP:   10/10         EV:  2    Int: 10    God:    Trog [***...]
Gold: 179           SH:  5    Dex: 13    Spells: 8/8 levels left

rFire   . . .      SeeInvis .   g - +5 dagger "Ofob" {vorpal, +Blink rPois}
rCold   . . .      Faith    .   (no shield)
rNeg    . . .      Spirit   .   (body armour currently unavailable)
rPois   +          Reflect  +   (helmet currently unavailable)
rElec   .          Harm     .   (cloak currently unavailable)
rCorr   .          Rampage  .   (gloves currently unavailable)
Will    +....      NoTele   +   (boots currently unavailable)
Stlth   +.........              j - amulet of reflection
HPRegen 0.28/turn               (no ring)
MPRegen 0.12/turn               (no ring)

@: tree-form, glowing, lightly drained
A: stationary, stasis, torment immunity, boosted hp, sense surroundings 2,
otherworldly, glowing, explore regen
a: Renounce Religion, Evoke Blink, Berserk, Trog's Hand


You were on level 6 of the Dungeon.
You worshipped Trog.
Trog was most pleased with you.
You were a tree.
You visited 1 branch of the dungeon, and saw 6 of its levels.

You collected 179 gold pieces.

Inventory:

Hand Weapons
 a - a +1 mace
 g - the +5 dagger "Ofob" (weapon) {vorpal, +Blink rPois}
   (You found it on level 2 of the Dungeon)

   It inflicts extra damage upon your enemies.
   rPois:     It protects you from poison.
   +Blink:    It lets you blink.
 s - a +1 hammer of protection
Armour
 c - a +1 hat (melded)
 q - a +0 chain mail (melded)
 u - a +0 cloak (melded)
Jewellery
 j - an amulet of reflection (around neck)
Wands
 h - a wand of flame (45)
Scrolls
 b - a scroll of poison {unknown}
 i - a scroll of immolation
 o - 2 scrolls of teleportation
 p - a scroll of blinking
Potions
 d - a potion of mutation {unknown}
 e - a potion of curing
 f - a potion of lignification
 k - a potion of resistance {unknown}
 l - a potion of magic
 m - 2 potions of berserk rage {unknown}
 n - a potion of brilliance {unknown}
 r - a potion of flight {unknown}
 t - a potion of might {unknown}


   Skills:
 - Level 6.0 Fighting
 * Level 10.1 Maces & Flails
 - Level 5.1 Armour
 * Level 5.0 Dodging


You had 8 spell levels left.
You didn't know any spells.
Your spell library was empty.

Dungeon Overview and Level Annotations

Branches:
Dungeon (6/15) Zot: 1400   Temple (0/1) D:5

Altars:
Makhleb
Yredelemnul
Zin


Innate Abilities, Weirdness & Mutations

You are a tree.
Your roots penetrate the ground, keeping you stationary.
You cannot be teleported.
You are immune to unholy pain and torment.
Your maximum health is greatly increased.
Your equipment is partially melded.
You passively map the area around you.
You are easily found by Zot.
You glow in the dark.
You regain HP and MP as you explore.


Message History

* * * LOW HITPOINT WARNING * * *
Something shocks you.
* * * LOW HITPOINT WARNING * * *
You hit something but do no damage. Something hits you but does no damage.
You closely miss something. Something hits you but does no damage.
You hit something. Something hits you but does no damage.
You miss something. Something hits you but does no damage.
You barely miss something. Something hits you.
* * * LOW HITPOINT WARNING * * *
Something shocks you.
* * * LOW HITPOINT WARNING * * *
You hit something.
A sky beast appears from thin air!
Reactivating autopickup.
The sky beast hits you but does no damage.
You miss the sky beast.
The sky beast is severely wounded.
The sky beast hits you.
* * * LOW HITPOINT WARNING * * *
The sky beast shocks you.
* * * LOW HITPOINT WARNING * * *
You hit the sky beast.
You kill the sky beast!
Trog accepts your kill.
Your Maces & Flails skill increases to level 10!
Your Dodging skill increases to level 5!
You hit the wight.
The wight is lightly damaged.
You barely miss the wight.
The wight is lightly damaged.
The wight splashes around in the water.
You hit the wight but do no damage.
The wight is lightly damaged.
The wight splashes around in the water.
You hit the wight but do no damage.
The wight is lightly damaged.
The wight hits you but does no damage.
You closely miss the wight.
The wight is lightly damaged.
The wight hits you with a +4 dagger of freezing.
You die...

, ##### #....#.. + ,
,** #).)# *,#....#..
,, * #.).# #....#.. ,
, #.))# #....#.. , ,
**, ##'## ###....#'#
,, , ,,+ ##)#
#......... , , * #.##
#......... * * ##)#
#......... * .... ,
#♣## #......... ....
##z## #......... .....
#).~## #......### ...
* #P...# #......# ...
#....# #...)..# *
**#.###....####......#
* ,
#........+#........# ,
, #...........#####+##
#...).......# *


You could see a wight.

Vanquished Creatures
  The ghost of lambentLogic the Cutter, an amateur KoMo of the Shining One (D:5)
  A sky beast (D:6)
  3 black bears
  An ogre (D:4)
  A phantom (D:5)
  A necrophage (D:5)
  3 scorpions
  A wight (D:6)
  2 hounds
  2 orc priests (D:5)
  Crazy Yiuf (D:6)
  2 iguanas
  A gnoll (D:5)
  5 adders
  An ufetubus (D:4)
  A worm (D:4)
  10 dart slugs
  12 orcs
  4 endoplasms
  3 giant cockroaches
  4 goblins
  A hobgoblin (D:3)
  4 jackals
  4 quokkas
  2 ball pythons
  A bat (D:2)
  7 frilled lizards
  8 kobolds
  3 rats
90 creatures vanquished.

Vanquished Creatures (others)
  2 fungi (D:6)
  2 plants (D:4)
4 creatures vanquished.

Grand Total: 94 creatures vanquished

Notes
Turn   | Place    | Note
-------+----------+-------------------------------------------
     0 | D:1      | greasedhog the Meteoran Berserker began the quest for the
                  | Orb.
     0 | D:1      | Reached XP level 1. HP: 19/19 MP: 2/2
    43 | D:1      | Reached XP level 2. HP: 26/26 MP: 3/3
   459 | D:2      | Identified the +5 dagger "Ofob" {vorpal, +Blink rPois}
   487 | D:3      | Reached XP level 3. HP: 30/33 MP: 4/4
   544 | D:3      | Reached ** piety under Trog
   608 | D:3      | Reached skill level 5 in Maces & Flails
   682 | D:3      | Found a basalt altar of Yredelemnul.
   711 | D:3      | Reached XP level 4. HP: 37/40 MP: 5/5
   849 | D:4      | Noticed a black bear
   861 | D:4      | Killed a black bear
   862 | D:4      | Reached skill level 5 in Fighting
   862 | D:4      | Reached skill level 6 in Maces & Flails
   862 | D:4      | Reached XP level 5. HP: 48/48 MP: 6/6
   875 | D:4      | Reached XP level 6. HP: 34/56 MP: 7/7
   884 | D:4      | Noticed an ogre
   903 | D:4      | Killed an ogre
  1035 | D:4      | Reached skill level 7 in Maces & Flails
  1114 | D:5      | Entered Level 5 of the Dungeon
  1160 | D:5      | Reached XP level 7. HP: 40/62 MP: 8/8
  1259 | D:5      | Reached skill level 8 in Maces & Flails
  1297 | D:5      | Reached *** piety under Trog
  1453 | D:5      | Reached XP level 8. HP: 65/70 MP: 9/9
  1481 | D:5      | Found a runed translucent gate.
  1481 | D:5      | Noticed lambentLogic's ghost (amateur KoMo)
  1482 | D:5      | Found a runed translucent gate.
  1591 | D:5      | Found a burning altar of Makhleb.
  1591 | D:5      | Found a glowing silver altar of Zin.
  1592 | D:5      | Noticed an angel
  1592 | D:5      | Noticed a green death
  1630 | D:5      | Found a staircase to the Ecumenical Temple.
  1676 | D:5      | Found a runed translucent gate.
  1830 | D:5      | Killed lambentLogic's ghost
  1831 | D:5      | Reached skill level 5 in Armour
  1847 | D:5      | Reached skill level 9 in Maces & Flails
  2069 | D:6      | Found a runed translucent door.
  2070 | D:6      | Noticed Crazy Yiuf
  2078 | D:6      | Killed Crazy Yiuf
  2127 | D:6      | Gained mutation: You passively map the area around you.
                  | [Meteoran growth]
  2127 | D:6      | Reached XP level 9. HP: 21/68 MP: 10/10
  2138 | D:6      | HP: 5/102 [sky beast (5)]
  2140 | D:6      | Reached skill level 10 in Maces & Flails
  2140 | D:6      | Reached skill level 5 in Dodging
  2144 | D:6      | Slain by a wight

Illustrated notes

Levels and vault maps discovered:
D:1:      nzn_arrival_crosshair, layout_basic,
          chequers_ecumenical_altar_simple_redux
D:2:      layout_loops_corners, minmay_statues_item, minivault_26, st_stairs_11,
          chequers_serial_rivers_micro_a
D:3:      kennysheep_slugbush, layout_rooms,
          mainiacjoe_overflow_six_doors_small, general_overflow_altar,
          portal_sewer_entry_e, uniq_natasha
D:4:      layout_basic, minmay_lizard_king
D:5:      dreamdust_elfheim, layout_cave_pools,
          grunt_temple_overflow_order_and_chaos_2,
          minmay_temple_entry_enclosed_plants, biasface_ghost_orc_armoury,
          minmay_chambers_of_fives
D:6:      layout_gridville, uniq_eustachio, uniq_crazy_yiuf_cottage, uniq_maggie

Skill      XL: |  1  2  3  4  5  6  7  8  9 |
---------------+----------------------------+-----
Fighting       | 4 5 6 |  6.0
Maces & Flails | 5 6 7 8 9 10 | 10.1
Armour         | 4 5 |  5.1
Dodging        | 4 5 |  5.0

Action                   |  1- 3 |  4- 6 |  7- 9 || total
-------------------------+-------+-------+-------++-------
Melee: Mace              |    39 |       |       ||    39
       Dagger            |    30 |    85 |   191 ||   306
       Punch             |     1 |       |     2 ||     3
Invok: Berserk           |       |     2 |     2 ||     4
       Trog's Hand       |       |       |     1 ||     1
  Use: Scroll            |     3 |     3 |     1 ||     7
       Potion            |       |       |     3 ||     3
Armor: Animal skin       |     7 |       |       ||     7
       Leather armour    |    12 |       |       ||    12
       Ring mail         |    16 |    53 |    20 ||    89
       Chain mail        |       |       |    69 ||    69
       Skin              |       |       |    17 ||    17
Dodge: Dodged            |    36 |    44 |    77 ||   157
Block: Other             |       |       |    11 ||    11
